AA - U28
WICHITA PILOTS @ QUEBEC METROS
04/27/2052
 
TOP OF THE 1ST
Yonkers Dark Knights batting - Pitching for Hartford Yard Goats : RHP Garland Domínguez
Pitching: RHP Garland Domínguez
Batting: LHB Brooks Goff 0-0: Swinging Strike
0-1: Ball
1-1: SINGLE (Groundball, 5D, EV 111.2 MPH)
Batting: LHB Peter Meyer 0-0: Ball
Brooks Goff steals 2nd base
1-0: Called Strike
Brooks Goff steals 3rd base
1-1: Swinging Strike
1-2: Ball
2-2: Fly out, F6 (Line Drive, 6, EV 68.8 MPH)
Batting: RHB Andrew Marino 0-0: Called Strike
0-1: Called Strike
0-2: Strikes out looking
Batting: RHB Pedro Del Valle 0-0: SINGLE (Line Drive, 4MD, EV 108.1 MPH)
Brooks Goff scores
Batting: RHB Lee Thomas 0-0: Called Strike
Pedro Del Valle steals 2nd base
0-1: Foul Ball, location: 2F
0-2: Ball
1-2: Ball
2-2: Foul Ball, location: 2F
2-2: Strikes out looking
Top of the 1st over - 1 run, 2 hits, 0 errors, 1 left on base; Yonkers 1 - Hartford 0
BOTTOM OF THE 1ST
Hartford Yard Goats batting - Pitching for Yonkers Dark Knights : RHP Yordani Estrada
Pitching: RHP Yordani Estrada
Batting: LHB Chuck Fauth 0-0: Foul Ball, location: 2F
0-1: Ball
1-1: Ground out 6-3 (Groundball, 6, EV 99.4 MPH)
Batting: LHB Dante Stacy 0-0: Ball
1-0: Called Strike
1-1: Foul Ball, location: 2F
1-2: Strikes out swinging
Batting: RHB Jhoel Feliciano 0-0: Foul Ball, location: 2F
0-1: Ball
1-1: Called Strike
1-2: Strikes out swinging
Bottom of the 1st over - 0 runs, 0 hits, 0 errors, 0 left on base; Yonkers 1 - Hartford 0
TOP OF THE 2ND
Yonkers Dark Knights batting - Pitching for Hartford Yard Goats : RHP Garland Domínguez
Batting: RHB Andy Grasso 0-0: Ball
1-0: Ball
2-0: Foul Ball, location: 2F
2-1: Called Strike
2-2: Ball
3-2: Fly out, F7 (Flyball, 7LS, EV 85.0 MPH)
Batting: RHB Shad Warren 0-0: Ball
1-0: Called Strike
1-1: Ground out 4-3 (Groundball, 4, EV 83.8 MPH)
Batting: RHB Kurt Vandyk 0-0: Swinging Strike
0-1: Swinging Strike
0-2: Ball
1-2: Strikes out looking
Top of the 2nd over - 0 runs, 0 hits, 0 errors, 0 left on base; Yonkers 1 - Hartford 0
BOTTOM OF THE 2ND
Hartford Yard Goats batting - Pitching for Yonkers Dark Knights : RHP Yordani Estrada
Batting: RHB Anthony Farris 0-0: Ball
1-0: Fly out, F8 (Flyball, 89M, EV 95.0 MPH)
Batting: SHB Martin Fraga 0-0: Ground out 6-3 (Groundball, 6, EV 91.2 MPH)
Batting: LHB Alfonso Melendez 0-0: Ball
1-0: Ball
2-0: Fly out, F9 (Line Drive, 89M, EV 93.1 MPH)
Bottom of the 2nd over - 0 runs, 0 hits, 0 errors, 0 left on base; Yonkers 1 - Hartford 0
TOP OF THE 3RD
Yonkers Dark Knights batting - Pitching for Hartford Yard Goats : RHP Garland Domínguez
Batting: RHB Pete O'Donnell 0-0: Fly out, F9 (Flyball, 9LM, EV 104.4 MPH)
Batting: LHB Brooks Goff 0-0: Ball
1-0: Ball
2-0: Ball
3-0: SOLO HOME RUN (Flyball, 9LD, EV 93.8 MPH), Distance : 336 ft
Batting: LHB Peter Meyer 0-0: Swinging Strike
0-1: Ball
1-1: Ball
2-1: Foul Ball, location: 2F
2-2: Ground out 4-3 (Groundball, 4, EV 103.8 MPH)
Batting: RHB Andrew Marino 0-0: Ball
1-0: Called Strike
1-1: Foul Ball, location: 2F
1-2: Foul Ball, location: 2F
1-2: Ball
2-2: Foul Ball, location: 2F
2-2: Foul Ball, location: 2F
2-2: SINGLE (Line Drive, 9S, EV 86.2 MPH)
Batting: RHB Pedro Del Valle 0-0: Swinging Strike
0-1: Called Strike
0-2: SINGLE (Line Drive, 78M, EV 106.9 MPH)
Andrew Marino to second
Batting: RHB Lee Thomas 0-0: Ball
1-0: Called Strike
1-1: Called Strike
1-2: Foul Ball, location: 2F
1-2: 3-RUN HOME RUN (Flyball, 8RXD, EV 106.2 MPH), Distance : 429 ft
Pitching: RHP Max Carrera
Batting: RHB Andy Grasso 0-0: Ground out 5-3 (Groundball, 56, EV 86.2 MPH)
Top of the 3rd over - 4 runs, 4 hits, 0 errors, 0 left on base; Yonkers 5 - Hartford 0
BOTTOM OF THE 3RD
Hartford Yard Goats batting - Pitching for Yonkers Dark Knights : RHP Yordani Estrada
Batting: LHB Ferris Jones 0-0: Called Strike
0-1: Ball
1-1: Ball
2-1: Foul Ball, location: 2F
2-2: Ball
3-2: Base on Balls
Batting: SHB Paul Schultz 0-0: Ball
1-0: 2-RUN HOME RUN (Flyball, 9D, EV 93.8 MPH), Distance : 368 ft
Batting: SHB Shawn Norman 0-0: Ball
1-0: Ground out U3 (Groundball, 34, EV 91.9 MPH)
Batting: LHB Chuck Fauth 0-0: Ball
1-0: Called Strike
1-1: Ball
2-1: Called Strike
2-2: Ball
3-2: Foul Ball, location: 2F
3-2: Foul Ball, location: 2F
3-2: Foul Ball, location: 2F
3-2: SINGLE (Line Drive, 7S, EV 103.1 MPH)
Batting: LHB Dante Stacy 0-0: Grounds into double play, 4-6-3 (Groundball, 4, EV 108.8 MPH)
Bottom of the 3rd over - 2 runs, 2 hits, 0 errors, 0 left on base; Yonkers 5 - Hartford 2
TOP OF THE 4TH
Yonkers Dark Knights batting - Pitching for Hartford Yard Goats : RHP Max Carrera
Batting: RHB Shad Warren 0-0: Called Strike
0-1: Ball
1-1: SINGLE (Line Drive, 78S, EV 110.6 MPH)
Batting: RHB Kurt Vandyk 0-0: Ball
1-0: Foul Ball, location: 2F
1-1: Foul Ball, location: 2F
1-2: Foul Ball, location: 2F
1-2: Ball
2-2: SINGLE (Groundball, 34D, EV 101.2 MPH)
Shad Warren to second
Runner from 2nd tries for 3rd, OUT! 9-5
Batting: RHB Pete O'Donnell 0-0: Called Strike
0-1: Ball
1-1: Ball
2-1: SINGLE (Groundball, 6MD, EV 98.1 MPH)
Kurt Vandyk to second
Batting: LHB Brooks Goff 0-0: Foul Ball, location: 2F
0-1: Ball
1-1: Ball
2-1: Fly out, F2 (Popup, 2LF, EV 87.5 MPH)
Batting: LHB Peter Meyer 0-0: Called Strike
0-1: Ball
1-1: Ball
2-1: Ball
3-1: Fly out, F7 (Line Drive, 7S, EV 92.5 MPH)
Top of the 4th over - 0 runs, 3 hits, 0 errors, 2 left on base; Yonkers 5 - Hartford 2
BOTTOM OF THE 4TH
Hartford Yard Goats batting - Pitching for Yonkers Dark Knights : RHP Yordani Estrada
Batting: RHB Jhoel Feliciano 0-0: Swinging Strike
0-1: Ball
1-1: Swinging Strike
1-2: Strikes out swinging
Batting: RHB Anthony Farris 0-0: Ball
1-0: Called Strike
1-1: Ball
2-1: Ball
3-1: Foul Ball, location: 2F
3-2: Fly out, F8 (Flyball, 8LXD, EV 107.5 MPH)
Batting: SHB Martin Fraga 0-0: Ball
1-0: Ball
2-0: Called Strike
2-1: Swinging Strike
2-2: Strikes out looking
Bottom of the 4th over - 0 runs, 0 hits, 0 errors, 0 left on base; Yonkers 5 - Hartford 2
TOP OF THE 5TH
Yonkers Dark Knights batting - Pitching for Hartford Yard Goats : RHP Max Carrera
Batting: RHB Andrew Marino 0-0: Ball
1-0: Ball
2-0: Foul Ball, location: 2F
2-1: Ball
3-1: Base on Balls
Batting: RHB Pedro Del Valle 0-0: Ball
1-0: Grounds into double play, 6-4-3 (Groundball, 6, EV 100.6 MPH)
Batting: RHB Lee Thomas 0-0: Ball
1-0: Ground out 5-3 (Groundball, 56, EV 85.0 MPH)
Top of the 5th over - 0 runs, 0 hits, 0 errors, 0 left on base; Yonkers 5 - Hartford 2
BOTTOM OF THE 5TH
Hartford Yard Goats batting - Pitching for Yonkers Dark Knights : RHP Yordani Estrada
Batting: LHB Alfonso Melendez 0-0: Fly out, F4 (Popup, 3S, EV 90.6 MPH)
Batting: LHB Ferris Jones 0-0: Ball
1-0: Ball
2-0: Ball
3-0: Called Strike
3-1: Called Strike
3-2: Base on Balls
Batting: SHB Paul Schultz 0-0: Ball
1-0: Foul Ball, location: 2F
1-1: Swinging Strike
1-2: Ground out U3 (Groundball, 3, EV 83.8 MPH)
Ferris Jones to second
Batting: SHB Shawn Norman 0-0: Swinging Strike
0-1: Fly out, F2 (Popup, 25F, EV 89.4 MPH)
Bottom of the 5th over - 0 runs, 0 hits, 0 errors, 1 left on base; Yonkers 5 - Hartford 2
TOP OF THE 6TH
Yonkers Dark Knights batting - Pitching for Hartford Yard Goats : RHP Max Carrera
Pitching: RHP Nout Noordervliet
Batting: RHB Andy Grasso 0-0: Swinging Strike
0-1: Ball
1-1: Foul Ball, location: 2F
1-2: Foul Ball, location: 2F
1-2: Ball
2-2: Ball
3-2: Foul Ball, location: 2F
3-2: SINGLE (Groundball, 6MD, EV 104.4 MPH)
Batting: RHB Shad Warren 0-0: Sac Bunt to 5S - play at first, batter OUT! 5-3
Andy Grasso to second
Batting: RHB Kurt Vandyk 0-0: Ball
1-0: SINGLE (Line Drive, 8RS, EV 106.2 MPH)
Andy Grasso to third
Batting: RHB Pete O'Donnell 0-0: Called Strike
0-1: Ball
1-1: Grounds into double play, 4-6-3 (Groundball, 34, EV 105.0 MPH)
Top of the 6th over - 0 runs, 2 hits, 0 errors, 1 left on base; Yonkers 5 - Hartford 2
BOTTOM OF THE 6TH
Hartford Yard Goats batting - Pitching for Yonkers Dark Knights : RHP Yordani Estrada
Batting: LHB Chuck Fauth 0-0: Called Strike
0-1: Foul Ball, location: 2F
0-2: Ball
1-2: Strikes out swinging
Batting: LHB Dante Stacy 0-0: SOLO HOME RUN (Flyball, 89XD, EV 109.4 MPH), Distance : 407 ft
Batting: RHB Jhoel Feliciano 0-0: Ball
1-0: Ball
2-0: Ball
3-0: Base on Balls
Pitching: RHP Ozzy Howard
Batting: RHB Anthony Farris 0-0: Called Strike
0-1: Called Strike
0-2: Ball
1-2: Ball
2-2: Foul Ball, location: 2F
2-2: Ball
3-2: Base on Balls
Jhoel Feliciano to second
Batting: SHB Martin Fraga 0-0: Foul Ball, location: 2F
0-1: Ball
1-1: Ball
2-1: Grounds into double play, 4-6-3 (Groundball, 4, EV 89.4 MPH)
Bottom of the 6th over - 1 run, 1 hit, 0 errors, 1 left on base; Yonkers 5 - Hartford 3
TOP OF THE 7TH
Yonkers Dark Knights batting - Pitching for Hartford Yard Goats : RHP Nout Noordervliet
Batting: LHB Brooks Goff 0-0: Ground out 3-1 (Groundball, 34, EV 91.2 MPH)
Batting: LHB Peter Meyer 0-0: Ball
1-0: Swinging Strike
1-1: Called Strike
1-2: SINGLE (Line Drive, 7LM, EV 101.9 MPH)
Batting: RHB Andrew Marino 0-0: Ball
1-0: Foul Ball, location: 2F
1-1: SINGLE (Line Drive, 78S, EV 90.6 MPH)
Peter Meyer to second
Batting: RHB Pedro Del Valle 0-0: SINGLE (Groundball, 6S, EV 69.4 MPH) (infield hit)
Peter Meyer to third
Andrew Marino to second
Batting: RHB Lee Thomas 0-0: Fly out, F8 (Flyball, 8LM, EV 83.1 MPH)
Runner from 3rd tags up, SCORES, throw by CF
Batting: RHB Andy Grasso 0-0: Ball
1-0: Ground out 1-3 (Groundball, 15S, EV 65.0 MPH)
Top of the 7th over - 1 run, 3 hits, 0 errors, 2 left on base; Yonkers 6 - Hartford 3
BOTTOM OF THE 7TH
Hartford Yard Goats batting - Pitching for Yonkers Dark Knights : RHP Ozzy Howard
Batting: LHB Alfonso Melendez 0-0: Called Strike
0-1: Ball
1-1: Foul Ball, location: 2F
1-2: Ball
2-2: Ball
3-2: Foul Ball, location: 2F
3-2: Base on Balls
Batting: LHB Ferris Jones Pickoff Throw to First - Out! 1-3
0-0: Foul Ball, location: 2F
0-1: Called Strike
0-2: Foul Ball, location: 2F
0-2: Ball
1-2: SINGLE (Groundball, 34D, EV 103.8 MPH)
Batting: SHB Paul Schultz 0-0: Called Strike
0-1: SINGLE (Groundball, 4, EV 104.4 MPH)
Ferris Jones to second
Runner from 2nd tries for 3rd, SAFE, no throw by CF
Batting: SHB Shawn Norman 0-0: Called Strike
0-1: Ball
1-1: Grounds into double play, 1-6-3 (Groundball, P, EV 68.1 MPH)
Bottom of the 7th over - 0 runs, 2 hits, 0 errors, 1 left on base; Yonkers 6 - Hartford 3
TOP OF THE 8TH
Yonkers Dark Knights batting - Pitching for Hartford Yard Goats : RHP Nout Noordervliet
Batting: RHB Shad Warren 0-0: Called Strike
0-1: Called Strike
0-2: Ball
1-2: Strikes out swinging
Batting: RHB Kurt Vandyk 0-0: Ball
1-0: DOUBLE (Line Drive, 7LD, EV 109.4 MPH)
Pitching: RHP Patrick Manzoor
Batting: RHB Pete O'Donnell 0-0: Ball
1-0: Called Strike
1-1: Ball
2-1: Ground out 5-3 (Groundball, 56S, EV 68.1 MPH)
Kurt Vandyk to third
Batting: LHB Brooks Goff 0-0: Called Strike
0-1: SINGLE (Line Drive, 78S, EV 85.6 MPH)
Kurt Vandyk scores
Batting: LHB Peter Meyer 0-0: Called Strike
0-1: Ball
1-1: Ball
2-1: Called Strike
2-2: Fly out, F8 (Flyball, 8RXD, EV 90.0 MPH)
Top of the 8th over - 1 run, 2 hits, 0 errors, 1 left on base; Yonkers 7 - Hartford 3
BOTTOM OF THE 8TH
Hartford Yard Goats batting - Pitching for Yonkers Dark Knights : RHP Ozzy Howard
Batting: LHB Chuck Fauth 0-0: Called Strike
0-1: Foul Ball, location: 2F
0-2: Strikes out swinging
Batting: LHB Dante Stacy 0-0: Ball
1-0: Foul Ball, location: 2F
1-1: Ball
2-1: Ball
3-1: Fly out, F9 (Flyball, 9LS, EV 87.5 MPH)
Batting: RHB Jhoel Feliciano 0-0: Ball
1-0: Ball
2-0: Ball
3-0: Foul Ball, location: 2F
3-1: Hit by Pitch
Pitching: LHP Charlie Zeroth
Batting: RHB Anthony Farris 0-0: Ball
1-0: Swinging Strike
1-1: Ball
2-1: Foul Ball, location: 2F
2-2: Ball
3-2: Base on Balls
Jhoel Feliciano to second
Batting: SHB Martin Fraga 0-0: Called Strike
0-1: Ball
Wild Pitch!
Jhoel Feliciano to third
Anthony Farris to second
1-1: Ball
2-1: DOUBLE (Line Drive, 9LM, EV 106.2 MPH)
Jhoel Feliciano scores
Anthony Farris scores
Pinch Hitting: RHB Pat Fontenot 0-0: Ball
1-0: Called Strike
1-1: SINGLE (Groundball, 6D, EV 96.9 MPH)
Martin Fraga to third
Runner from 3rd tries for Home, SAFE, throw by CF to home
Pat Fontenot to second
Batting: LHB Ferris Jones 0-0: Called Strike
0-1: Ball
1-1: Swinging Strike
1-2: Ball
2-2: Ball
3-2: Fly out, F8 (Flyball, 8LD, EV 100.6 MPH)
Bottom of the 8th over - 3 runs, 2 hits, 0 errors, 1 left on base; Yonkers 7 - Hartford 6
TOP OF THE 9TH
Yonkers Dark Knights batting - Pitching for Hartford Yard Goats : RHP Patrick Manzoor
Pitching: RHP Len Brechner
Now in RF: Logan Johnson
Batting: RHB Andrew Marino 0-0: Ball
1-0: Ball
2-0: Ball
3-0: Fly out, F8 (Line Drive, 8RM, EV 93.1 MPH)
Batting: RHB Pedro Del Valle 0-0: Swinging Strike
0-1: Foul Ball, location: 2F
0-2: Strikes out swinging
Batting: RHB Lee Thomas 0-0: Called Strike
0-1: Foul Ball, location: 2F
0-2: Ball
1-2: Fly out, F8 (Flyball, 8LXD, EV 85.6 MPH)
Top of the 9th over - 0 runs, 0 hits, 0 errors, 0 left on base; Yonkers 7 - Hartford 6
BOTTOM OF THE 9TH
Hartford Yard Goats batting - Pitching for Yonkers Dark Knights : LHP Charlie Zeroth
Pitching: RHP Roland Markgraf
Batting: SHB Paul Schultz 0-0: Foul Ball, location: 2F
0-1: Called Strike
0-2: Ball
1-2: Fly out, F8 (Flyball, 8RS, EV 88.1 MPH)
Batting: SHB Shawn Norman 0-0: Foul Ball, location: 2F
0-1: Ground out 6-3 (Groundball, 56, EV 87.5 MPH)
Batting: LHB Chuck Fauth 0-0: Called Strike
0-1: Called Strike
0-2: Ball
1-2: Ball
2-2: Strikes out swinging
Bottom of the 9th over - 0 runs, 0 hits, 0 errors, 0 left on base; Yonkers 7 - Hartford 6
Thursday, April 18th , 2024 - OOTP Baseball 24.11 Build 85